 Dungeon Crawl Stone Soup version 0.22-a0-268-g1cc83ef (webtiles) character file.

2639 nikopol the Thaumaturge (level 9, -1/48 HPs)
             Began as a Deep Elf Fire Elementalist on Mar 9, 2018.
             Was a Believer of Sif Muna.
             Slain by an orc warrior
             ... wielding a +0 mace
              (2 damage)
             ... on level 6 of the Dungeon.
             The game lasted 00:28:22 (7663 turns).

nikopol the Thaumaturge (DEFE)                      Turns: 7663, Time: 00:28:23

Health: -1/48      AC:  3    Str:  5    XL:     9   Next: 35%
Magic:  16/25      EV: 12    Int: 24    God:    Sif Muna [**....]
Gold:   243        SH:  0    Dex: 19    Spells: 13/28 levels left

rFire    . . .     SeeInvis .   o - +2 dagger (speed)
rCold    . . .     Gourm    .   (no shield)
rNeg     . . .     Faith    .   a - +0 robe
rPois    .         Spirit   .   (no helmet)
rElec    .         Reflect  .   n - +0 cloak
rCorr    .         Harm     .   (no gloves)
MR       .....                  (no boots)
Stlth    +++.......             (no amulet)
HPRegen  0.16/turn              i - +4 ring of dexterity
MPRegen  0.19/turn              j - -3 ring of evasion (curse)

@: no status effects
A: no striking features
a: Divine Energy, Renounce Religion


You were on level 6 of the Dungeon.
You worshipped Sif Muna.
Sif Muna was pleased with you.
You were not hungry.

You visited 2 branches of the dungeon, and saw 7 of its levels.

You collected 243 gold pieces.

Inventory:

Hand Weapons
 o - a +2 dagger of speed (weapon)
Armour
 a - a +0 robe (worn)
 n - a +0 cloak (worn)
Jewellery
 i - a +4 ring of dexterity (left hand)
 j - a cursed -3 ring of evasion (right hand)
 r - an uncursed ring of resist corrosion {unknown}
 x - a +2 amulet of reflection {unknown}
Wands
 z - a wand of random effects (22)
Scrolls
 b - 2 scrolls of amnesia {unknown}
 d - 2 scrolls of identify
 e - a scroll of immolation {unknown}
 f - 6 scrolls of remove curse {unknown}
 g - 2 scrolls of fog {unknown}
 h - 7 scrolls of teleportation {unknown}
 k - 3 scrolls of magic mapping {unknown}
 p - 4 scrolls of fear {unknown}
 s - a scroll of enchant armour {unknown}
 y - a scroll of blinking {unknown}
Potions
 l - 3 potions of curing
 m - 2 potions of degeneration
 q - 3 potions of haste
 t - 3 potions of lignification
 u - a potion of agility
 v - 2 potions of heal wounds
 w - 2 potions of mutation
Comestibles
 c - 8 rations
 A - 7 chunks of flesh


   Skills:
 + Level 2.0 Fighting
 + Level 0.7 Short Blades
 + Level 4.1 Dodging
 + Level 4.7 Stealth
 + Level 10.1 Spellcasting
 + Level 6.8 Conjurations
 + Level 7.8 Fire Magic


You had 13 spell levels left.
You knew the following spells:

 Your Spells              Type           Power        Failure   Level  Hunger
a - Flame Tongue          Conj/Fire      #####        1%          1    None
b - Throw Flame           Conj/Fire      #####.       1%          2    None
c - Conjure Flame         Conj/Fire      #####...     1%          3    None
d - Sticky Flame          Conj/Fire      #####...     2%          4    #......
e - Fireball              Conj/Fire      #####.....   7%          5    ####...


Dungeon Overview and Level Annotations

Branches:
Dungeon (6/15)             Temple (1/1) D:4

Altars:
Ashenzari
Cheibriados
Dithmenos
Elyvilon
Fedhas
Gozag
Hepliaklqana
Okawaru
Ru
Sif Muna
Trog
Vehumet
Wu Jian
Xom
Yredelemnul

Shops:
D:4 %


Message History

Confirm with . or Enter, or press ? or * to list all spells.
Aiming: Flame Tongue (safe; 1% risk of failure)
Press: ? - help, Shift-Dir - straight line, f/p - orc warrior
Aim: an orc warrior, wielding a mace and wearing a shiny chain mail (moderately wounded, covered in liquid flames)
The flame tongue misses the orc warrior.
The orc warrior burns!
The crimson imp puffs mist at you. The orc warrior hits you with a mace!
* * * LOW HITPOINT WARNING * * *
The orc barely misses you.
Casting: Flame Tongue (safe; 1% risk of failure)
Confirm with . or Enter, or press ? or * to list all spells.
Aiming: Sticky Flame (safe; 2% risk of failure)
Press: ? - help, Shift-Dir - straight line, f - orc, p - orc warrior
Aim: an orc, wearing a robe The sticky flame hits the orc.
You kill the orc!
Sif Muna accepts your kill.
The orc warrior burns!
The orc warrior hits you with a mace.
You die...

#### #... ##..##....
##..# .....
###...#...... #
#.....#...... #.
#.#...#..§§§§ .[
#.##.)'..≈≈≈§
#.#.#.###.###.5..≈≈§≈
......o@o5# #)#.....§
..#.#.##### #.#......
.. ##.#...... #. #..#
..... #.########.##
#.... .)........#
#... ########..# #..#
#..# ###


You could see an orc warrior (burning), a crimson imp and an orc.

Vanquished Creatures
  The ghost of nono the Changer, a novice VSTm of Cheibriados (D:6)
  A slime creature (D:5)
  2 ice beasts (D:5)
  An orc warrior (D:6)
  3 phantoms
  An ogre (D:4)
  3 centaurs
  3 big kobolds (D:5)
  2 bullfrogs
  A scorpion (D:5)
  A howler monkey (D:4)
  A crimson imp (D:4)
  5 hounds
  6 jellies (D:5)
  Crazy Yiuf (D:4)
  An iguana (D:6)
  An orc wizard (D:4)
  6 worker ants
  A hound zombie (D:5)
  14 adders
  3 gnolls (D:4)
  2 shadow imps
  3 oozes (D:5)
  5 worms
  6 leopard geckos
  14 orcs
  5 bats
  A giant cockroach (D:3)
  3 hobgoblins (D:2)
  3 jackals (D:2)
  A quokka (D:2)
  2 ball pythons
  7 frilled lizards
  12 goblins
  5 kobolds
  2 rats
129 creatures vanquished.

Vanquished Creatures (others)
  11 fungi (D:5)
  5 toadstools (D:5)
16 creatures vanquished.

Grand Total: 145 creatures vanquished

Notes
Turn   | Place    | Note
-------+----------+-------------------------------------------
     0 | D:1      | nikopol the Deep Elf Fire Elementalist began the quest for the Orb.
     0 | D:1      | Reached XP level 1. HP: 10/10 MP: 6/6
   430 | D:1      | Reached XP level 2. HP: 15/15 MP: 4/8
   611 | D:2      | Found a white marble altar of Elyvilon.
   739 | D:2      | Reached XP level 3. HP: 7/19 MP: 0/10
  1238 | D:2      | Learned a level 2 spell: Throw Flame
  1242 | D:2      | Learned a level 3 spell: Conjure Flame
  1572 | D:2      | Reached XP level 4. HP: 24/24 MP: 9/11
  1577 | D:2      | Reached skill level 4 in Spellcasting
  2113 | D:3      | Found an ornate altar of the Wu Jian Council.
  2542 | D:4      | Reached skill level 5 in Spellcasting
  2542 | D:4      | Reached XP level 5. HP: 24/28 MP: 8/14
  2548 | D:4      | Learned a level 4 spell: Sticky Flame
  2594 | D:4      | Found a runed door.
  2598 | D:4      | Noticed Crazy Yiuf
  2602 | D:4      | Killed Crazy Yiuf
  2672 | D:4      | Found a staircase to the Ecumenical Temple.
  2686 | Temple   | Entered the Ecumenical Temple
  2723 | Temple   | Became a worshipper of Sif Muna the Loreminder
  2764 | D:4      | Reached skill level 5 in Fire Magic
  3078 | D:4      | Reached XP level 6. HP: 32/32 MP: 7/16
  3210 | D:4      | Found Neihaypt's Food Shop.
  3219 | D:4      | Reached skill level 1 in Fighting
  3739 | D:4      | Reached skill level 6 in Spellcasting
  3871 | D:4      | Reached XP level 7. HP: 32/38 MP: 5/18
  4025 | D:5      | Entered Level 5 of the Dungeon
  4274 | D:5      | Reached * piety under Sif Muna
  4274 | D:5      | Reached skill level 7 in Spellcasting
  5127 | D:5      | Reached XP level 8. HP: 43/43 MP: 11/21
  5270 | D:5      | Learned a level 5 spell: Fireball
  5315 | D:5      | Reached skill level 5 in Conjurations
  5663 | D:5      | Reached skill level 8 in Spellcasting
  6192 | D:5      | Noticed a slime creature
  6206 | D:5      | Killed a slime creature
  6206 | D:5      | Reached ** piety under Sif Muna
  6374 | D:5      | Reached skill level 9 in Spellcasting
  6730 | D:6      | Noticed nono's ghost (novice VSTm)
  6744 | D:6      | Killed nono's ghost
  6744 | D:6      | Reached XP level 9. HP: 48/48 MP: 6/24
  7501 | D:6      | Reached skill level 10 in Spellcasting
  7662 | D:6      | HP: 1/48 [orc warrior/mace (8)]
  7663 | D:6      | Slain by an orc warrior

Vault maps used:
D:1:      lightli_arrival_boilingwater
D:2:      kennysheep_the_goblin_king, elyvilon_altar_1, first_ration,
          minmay_pentomino_q4
D:3:      lemuel_doored_altar
D:4:      minmay_temple_entry_statues_pillars, serial_shops,
          kennysheep_little_box, uniq_crazy_yiuf_cottage
D:5:      cheibrodos_fertilizer
D:6:      kennysheep_cross_room, minmay_misc_feat_alley, nicolae_zen_rock_garden
Temple:   cyrus_circular_temple

Skill      XL: |  1  2  3  4  5  6  7  8  9 |
---------------+----------------------------+-----
Fire Magic     | 4 5 6 7 |  7.8
Conjurations   | 2 3 4 6 |  6.8
Spellcasting   | 5 6 7 9 10 | 10.1
Stealth        | 3 4 |  4.7
Fighting       | 1 2 |  2.0
Dodging        | 3 4 |  4.1
Short Blades   | |  0.7

Action                   |  1- 3 |  4- 6 |  7- 9 || total
-------------------------+-------+-------+-------++-------
Melee: Dagger            |       |     1 |    68 ||    69
 Cast: Flame Tongue      |    57 |   107 |   156 ||   320
       Conjure Flame     |       |     7 |     6 ||    13
       Throw Flame       |       |     1 |     6 ||     7
       Sticky Flame      |       |     2 |    14 ||    16
       Fireball          |       |       |     8 ||     8
  Use: Scroll            |       |       |     7 ||     7
  Eat: Chunk             |     2 |     7 |     7 ||    16
       Ration            |       |       |     2 ||     2
Armor: Robe              |     3 |     4 |    17 ||    24
Dodge: Dodged            |     7 |    19 |    68 ||    94

Table legend:
 A = Spawn XP
 B = Non-spawn XP
 C = Spawn XP percentage of total XP
 D = Spawn monster count
 E = Non-spawn monster count
 F = Spawn count percentage of total count
 G = Total turns spent on level
                    A         B        C        D         E        F      G
               +---------+---------+-------+---------+---------+-------+---------
         Total |       0 |    3771 |   0.0 |       0 |     129 |   0.0 |  7663
               +---------+---------+-------+---------+---------+-------+---------
           D:1 |       0 |      17 |   0.0 |       0 |      12 |   0.0 |   599
           D:2 |       0 |      89 |   0.0 |       0 |      27 |   0.0 |  1196
           D:3 |       0 |      89 |   0.0 |       0 |      14 |   0.0 |   742
           D:4 |       0 |     590 |   0.0 |       0 |      25 |   0.0 |  1926
           D:5 |       0 |    1803 |   0.0 |       0 |      32 |   0.0 |  2007
           D:6 |       0 |    1183 |   0.0 |       0 |      19 |   0.0 |  1135
               +---------+---------+-------+---------+---------+-------+---------
